 Dungeon Crawl Stone Soup version 0.19-a0-1019-g9c6a58d (webtiles) character file.

124 AlphabetPasta the Sneak (level 4, -1/44 HPs)
             Began as a Troll Assassin on July 25, 2016.
             Slain by Terence
             ... wielding a +1 short sword of electrocution
              (17 damage)
             ... on level 3 of the Dungeon.
             The game lasted 00:09:24 (1867 turns).

AlphabetPasta the Sneak (Troll Assassin)            Turns: 1867, Time: 00:09:24

Health: -1/44      AC:  6    Str: 19    XL:     4   Next: 81%
Magic:  3/3        EV: 10    Int:  7    God:
Gold:   151        SH:  0    Dex: 12    Spells: 0 memorised, 3 levels left

rFire  . . .     SeeInvis .     a - +2 dagger
rCold  . . .     Gourm    +     c - +0 robe
rNeg   . . .     Faith    .     (no shield)
rPois  .         Spirit   .     (helmet restricted)
rElec  .         Dismiss  .     d - +0 cloak
rCorr  .         Reflect  .     (gloves unavailable)
SustAt .         Harm     .     (boots unavailable)
MR     .....                    (no amulet)
Stlth  ++........               (no ring)
                                (no ring)

@: not resistant to hostile enchantments, unstealthy
A: unfitting armour, claws 3, fast metabolism 3, gourmand, regeneration 2,
shaggy fur 1, tough skin 2
a: no special abilities


You were on level 3 of the Dungeon.
You were very full.

You visited 1 branch of the dungeon, and saw 3 of its levels.

You collected 151 gold pieces.

Inventory:

Hand Weapons
 a - a +2 dagger (weapon)
 b - a +0 blowgun
Missiles
 e - 8 poisoned needles
 f - 2 curare-tipped needles
Armour
 c - a +0 robe (worn)
 d - a +0 cloak (worn)
 p - a +0 shield
Scrolls
 i - a scroll of blinking {unknown}
 j - a scroll of enchant armour {unknown}
 k - 3 scrolls of teleportation {unknown}
 m - a scroll of magic mapping {unknown}
 n - a scroll of remove curse {unknown}
 q - 6 scrolls of identify {unknown}
Potions
 h - 4 potions of heal wounds {unknown}
 o - a potion of curing {unknown}
 s - a potion of resistance {unknown}
 t - a potion of lignification {unknown}
 u - a potion of might {unknown}
Comestibles
 g - 3 bread rations
 l - a beef jerky


   Skills:
 + Level 2.3 Fighting
 * Level 2.6 Short Blades
 - Level 1.7 Throwing
 + Level 1.2 Dodging
 * Level 3.1 Stealth


You had 3 spell levels left.
You didn't know any spells.

Dungeon Overview and Level Annotations

Branches:
Dungeon (3/15)

Altars:
Hepliaklqana
Makhleb
Xom
Yredelemnul
The Shining One

Annotations:
D:3 Terence


Innate Abilities, Weirdness & Mutations

You are too large for most types of armour.
You have claws for hands.
Your metabolism is lightning-fast.
You like to eat raw meat.
You heal very quickly.
You are covered in fur. (AC +1)
You have very tough skin. (AC +2)


Message History

You hit the hobgoblin.
You kill the hobgoblin!
You hit Terence but do no damage. Terence closely misses you.
You hit Terence.
Terence is lightly wounded.
Terence hits you but does no damage.
You are electrocuted!
You hit Terence.
Terence is lightly wounded.
Terence misses you.
You barely miss Terence.
Terence is lightly wounded.
Terence says, "You're history."
Terence hits you with a short sword of electrocution.
You are electrocuted!
You hit Terence.
Terence is heavily wounded.
You hit Terence but do no damage.
Terence is heavily wounded.
Terence hits you but does no damage.
You are electrocuted!
You die...

#.........# #.........+
#.........# ###
##########.........#
......................#
#.#.#########........#
#... ...............
#...#########........
#....@@............##
#...################
#... #... ..... ##....
#.... #.>..


You could see Terence.

Vanquished Creatures
  Jessica (D:2)
  4 gnolls
  2 oozes
  2 dart slugs
  A giant gecko (D:2)
  4 goblins
  8 hobgoblins
  3 jackals (D:1)
  A quokka (D:2)
  A ball python (D:2)
  5 bats
  5 giant newts
  5 kobolds
  6 rats
48 creatures vanquished.

Notes
Turn   | Place    | Note
-------+----------+-------------------------------------------
     0 | D:1      | AlphabetPasta the Troll Assassin began the quest for the Orb.
     0 | D:1      | Reached XP level 1. HP: 19/19 MP: 0/0
    98 | D:1      | Reached XP level 2. HP: 20/28 MP: 1/1
   680 | D:1      | Reached XP level 3. HP: 35/35 MP: 2/2
   847 | D:2      | Reached skill level 1 in Dodging
  1020 | D:2      | Reached skill level 3 in Stealth
  1020 | D:2      | Reached XP level 4. HP: 35/42 MP: 3/3
  1039 | D:2      | Found a hazy altar of Hepliaklqana.
  1046 | D:2      | Found a basalt altar of Yredelemnul.
  1052 | D:2      | Found a glowing golden altar of the Shining One.
  1052 | D:2      | Found a burning altar of Makhleb.
  1058 | D:2      | Found a shimmering altar of Xom.
  1084 | D:2      | Noticed Jessica
  1091 | D:2      | Killed Jessica
  1102 | D:2      | Identified Jessica's Handbook of the Inquisitive Curses
  1851 | D:3      | Noticed Terence
  1867 | D:3      | Slain by Terence

Vault maps used:
D:1:      dpeg_arrival_tiny_j, st_stairs_13, kennysheep_pointless_box
D:2:      minitemple, kennysheep_jessica_study
D:3:      minmay_wonky_spiral, minmay_misc_feat_alley, uniq_crazy_yiuf_cottage,
          uniq_terence

Skill      XL: |  1  2  3 |
---------------+----------+-----
Short Blades   | 2 |  2.6
Fighting       | 2 |  2.3
Dodging        | 1 |  1.2
Stealth        | 3 |  3.1
Throwing       | |  1.7

Action                   |  1- 3 |  4- 6 || total
-------------------------+-------+-------++-------
Melee: Dagger            |   126 |    69 ||   195
 Fire: Blowgun           |     1 |       ||     1
 Stab: Sleeping          |     1 |     2 ||     3
  Eat: Chunk             |    15 |     6 ||    21
Armor: Robe              |    36 |    22 ||    58
Dodge: Dodged            |    56 |    32 ||    88
